 Dungeon Crawl Stone Soup version 0.25.0-1-g7eea58d (webtiles) character file.

Game seed: 16712526064713959913

37 Dorkslayer the Skirmisher (level 3, 0/29 HPs)
             Began as a Demonspawn Berserker on June 20, 2020.
             Was a Follower of Trog.
             Slain by Sigmund
             ... wielding a +0 scythe
              (10 damage)
             ... on level 2 of the Dungeon.
             The game lasted 00:04:08 (1097 turns).

Dorkslayer the Skirmisher (Demonspawn Berserker)    Turns: 1097, Time: 00:04:09

Health: 0/29       AC: 10    Str: 18    XL:     3   Next: 23%
Magic:  3/3        EV:  6    Int:  8    God:    Trog [*.....]
Gold:   107        SH:  0    Dex: 12    Spells: 2/2 levels left

rFire    . . .     SeeInvis .   a - +0 hand axe
rCold    . . .     Gourm    .   (no shield)
rNeg     . . .     Faith    .   d - +0 plate armour
rPois    .         Spirit   .   (helmet restricted)
rElec    .         Reflect  +   (no cloak)
rCorr    .         Harm     .   (no gloves)
MR       .....                  (no boots)
Stlth    ..........             f - amulet of reflection
HPRegen  0.09/turn              (no ring)
MPRegen  0.08/turn              (no ring)

@: confused, very slightly contaminated
A: horns 1
a: Berserk, Renounce Religion


You were on level 2 of the Dungeon.
You worshipped Trog.
Trog was aware of your devotion.
You were not hungry.

You visited 1 branch of the dungeon, and saw 2 of its levels.

You collected 107 gold pieces.

Inventory:

Hand Weapons
 a - a +0 hand axe (weapon)
Missiles
 e - 2 boomerangs (quivered)
Armour
 d - a +0 plate armour (worn)
Jewellery
 f - an amulet of reflection (around neck)
Scrolls
 b - a scroll of teleportation {unknown}
 h - 4 scrolls of identify {unknown}
 i - a scroll of amnesia {unknown}
 k - a scroll of enchant weapon {unknown}
 l - a scroll of enchant armour {unknown}
Comestibles
 c - 2 rations
 j - 5 chunks of flesh


   Skills:
 + Level 3.4 Fighting
 + Level 3.1 Axes
 + Level 2.1 Armour
 + Level 2.1 Dodging


You had 2 spell levels left.
You didn't know any spells.
Your spell library was empty.

Dungeon Overview and Level Annotations

Branches:
Dungeon (2/15)

Altars:

Annotations:
D:2 Sigmund


Innate Abilities, Weirdness & Mutations

You have a pair of small horns on your head.


Message History

You hit Sigmund but do no damage.
Sigmund is severely wounded.
Sigmund casts a spell at you.
You are confused.
You bump into the rock wall.
Sigmund casts a spell at you. You resist with significant effort.
You miss Sigmund. Your headbutt misses Sigmund.
Sigmund is severely wounded.
Sigmund barely misses you.
You closely miss Sigmund.
Sigmund is severely wounded.
You flicker back into view.
Sigmund barely misses you.
You barely miss Sigmund.
Sigmund is severely wounded.
You hit Sigmund. Your headbutt misses Sigmund.
Sigmund is almost dead.
Sigmund hits you with a +0 scythe!
You die...

.....##. #..รท....#
####.###.###.#....
...............# .
#####..####.....
#.#####..#####...#.
#............... ..
#<.#.##..####.... .
#..#.##..####....
.........@@......
.#.####.#####..#.
#. #.# ........#
.###..... ........
..##......# #
#......# #......#


You could see Sigmund.

Vanquished Creatures
  An adder (D:2)
  A dart slug (D:1)
  A bat (D:2)
  2 giant cockroaches (D:2)
  A goblin (D:1)
  5 hobgoblins
  6 kobolds
  A quokka (D:2)
  4 frilled lizards
  5 rats (D:1)
27 creatures vanquished.

Notes
Turn   | Place    | Note
-------+----------+-------------------------------------------
     0 | D:1      | Dorkslayer the Demonspawn Berserker began the quest for the
                  | Orb.
     0 | D:1      | Reached XP level 1. HP: 18/18 MP: 1/1
   287 | D:1      | Gained mutation: You have a pair of small horns on your
                  | head. [demonic ancestry]
   287 | D:1      | Reached XP level 2. HP: 15/24 MP: 2/2
  1012 | D:2      | Reached XP level 3. HP: 24/29 MP: 3/3
  1079 | D:2      | Noticed Sigmund
  1097 | D:2      | Slain by Sigmund

Illustrated notes

Levels and vault maps discovered:
D:1:      denvon_arrival_waterhouse, layout_basic
D:2:      layout_loops_cross, lemuel_round_altar, moated_statue, uniq_sigmund,
          uniq_crazy_yiuf_cottage

Skill      XL: |  1  2 |
---------------+-------+-----
Axes           | 3 |  3.1
Armour         | 2 |  2.1
Dodging        | 2 |  2.1
Fighting       | |  3.4

Action                   || total
-------------------------++-------
Melee: Hand axe          ||    97
       Headbutt          ||    11
Throw: Boomerang         ||     2
  Use: Potion            ||     1
 Stab: Invisible         ||     1
  Eat: Chunk             ||     1
Armor: Animal skin       ||     5
       Plate armour      ||    27
Dodge: Dodged            ||    32
Block: Other             ||    19
       Reflection        ||     1
